AoeStats
← Roman

Arabia

507640377Analyzed
1v1 RM · 14d ago on Sep 19, 2026· 53m 37s· 2 players
Game mode
Random Map
Map size
Tiny (2 player)
Population
200
Speed
Normal
Resources
Standard
Victory
Conquest
Starting age
Dark Age
Ending age
Imperial Age
RankedLock teamsTeams togetherTeam positionsShared explorationLock speedFull tech treeHidden civsTurbo modeCheats
Victory
Defeat
🇨🇱 Franks · Chile
1365
+14
🇨🇱 Romans · Chile
1331
-14
Roman
6:29 Loom
9:10 Feudal Age
9:28 Man-at-Arms
10:51 Scale Mail Armor
14:25 Forging
15:22 Double-Bit Axe
21:29 Castle Age
19:31 Horse Collar
20:31 Scale Barding Armor
21:33 Pikeman
23:04 Chain Barding Armor
23:32 Fletching
24:27 Bloodlines
25:32 Husbandry
26:43 Squires
26:06 Light Cavalry
28:44 Wheelbarrow
30:09 Chain Mail Armor
33:04 Iron Casting
35:55 Hand Cart
36:42 Town Watch
36:53 Stone Mining
36:54 Gold Mining
41:07 Imperial Age
41:15 Halberdier
44:07 Conscription
44:23 Cavalier
49:02 Comitatenses
53:33 Blast Furnace
[CL]iLoveWeed
7:24 Loom
9:48 Feudal Age
15:36 Double-Bit Axe
22:47 Castle Age
22:01 Scale Barding Armor
22:07 Forging
22:46 Gold Mining
24:27 Husbandry
24:51 Bow Saw
26:01 Wheelbarrow
27:15 Gold Shaft Mining
29:42 Iron Casting
29:33 Chain Barding Armor
29:34 Town Watch
33:55 Hand Cart
35:20 Stone Mining
37:06 Padded Archer Armor
36:59 Fletching
37:17 Scale Mail Armor
38:16 Town Patrol
38:10 Pikeman
38:48 Elite Skirmisher
42:59 Imperial Age
41:46 Iron Casting
41:01 Fletching
43:23 #83
43:08 Cavalier
44:20 Conscription
44:41 Chivalry
47:22 Blast Furnace
46:13 Fletching
46:55 Elite Throwing Axeman
52:14 Chemistry
51:35 Ballistics
51:35 Bodkin Arrow
51:06 Paladin
53:40 Hoardings
54:34 Plate Barding Armor
54:00 Padded Archer Armor
Connection lost

Rejoining the realm…

Still unreachable

The connection could not be restored.

Session expired

The server has moved on; the page needs a fresh start.